 Dungeon Crawl Stone Soup version 0.26-a0-466-g989023bd0d (webtiles) character file.

Game seed: 13160831104568476606

104 Mesmaeker13 the Magician (level 4, -3/30 HPs)
             Began as a Mummy Summoner on Aug 10, 2020.
             Slain by Natasha (5 damage)
             ... on level 2 of the Dungeon.
             The game lasted 00:04:00 (3137 turns).

Mesmaeker13 the Magician (Mummy Summoner)           Turns: 3137, Time: 00:04:00

Health: -3/30      AC:  2    Str: 11    XL:     4   Next: 52%
Magic:  9/10       EV: 12    Int: 15    God:
Gold:   59         SH:  0    Dex: 12    Spells: 6/12 levels left

rFire    . . .     SeeInvis .   e - +0 whip
rCold    + . .     Faith    .   (no shield)
rNeg     + + +     Spirit   .   a - +0 robe
rPois    ∞         Reflect  .   (no helmet)
rElec    .         Harm     .   (no cloak)
rCorr    .                      (no gloves)
MR       .....                  (no boots)
Stlth    ++........             (no amulet)
HPRegen  0.10/turn              c - ring of protection from fire
MPRegen  0.12/turn              (no ring)

@: slowed, very slow
A: no potions, fire vulnerability, cold resistance 1, negative energy resistance
3, torment resistance, unbreathing
a: no special abilities


You were on level 2 of the Dungeon.
You visited 1 branch of the dungeon, and saw 2 of its levels.

You collected 59 gold pieces.

Inventory:

Hand Weapons
 e - a +0 whip (weapon)
Armour
 a - a +0 robe (worn)
Jewellery
 c - a ring of protection from fire (left hand)
Scrolls
 b - 2 scrolls of enchant weapon {unknown}
 d - a scroll of fear {unknown}
 f - a scroll of remove curse {unknown}


   Skills:
 - Level 1.5 Dodging
 - Level 1.5 Stealth
 + Level 4.5 Spellcasting
 + Level 4.2 Summonings


You had 6 spell levels left.
You knew the following spells:

 Your Spells              Type           Power        Failure   Level
a - Summon Small Mammal   Summ           ###.         3%          1
b - Call Imp              Summ           ###.....     4%          2
c - Call Canine Familiar  Summ           ###.....     9%          3

Your spell library contained the following spells:

 Spells                   Type           Power        Failure   Level
 Summon Guardian Golem    Hex/Summ       #.......     22%         3
 Summon Ice Beast         Ice/Summ       #.......     56%         4
 Summon Lightning Spire   Summ/Air       #.......     56%         4


Dungeon Overview and Level Annotations

Branches:
Dungeon (2/15)

Altars:

Annotations:
D:2 Natasha


Innate Abilities, Weirdness & Mutations

You do not drink.
Your flesh is vulnerable to fire.
You are immune to poison.
Your flesh is cold resistant. (rC+)
You are immune to negative energy. (rN+++)
You are immune to unholy pain and torment.
You can survive without breathing.


Message History

Something barely misses you.
The crimson imp blinks!
You hear some strange, mumbled words.
You feel yourself slow down.
The crimson imp hits you but does no damage.
A magic dart appears from out of thin air!
The magic dart hits you! The crimson imp misses you.
The crimson imp barely misses you. The crimson imp misses you.
Something claws you.
The crimson imp hits you but does no damage.
The crimson imp disappears in a puff of smoke!
Something claws you.
* * * LOW HITPOINT WARNING * * *
Something claws you!
* * * LOW HITPOINT WARNING * * *
Unknown command.
Casting: Call Imp (safe; 4% risk of failure)
Confirm with . or Enter, or press ? or * to list all spells.
Something claws you.
You die...

#..#...# ##...........
#..#...### #..####..#..
#........# #.......#...
#........# ##+######.#.#
#........# ##...## #.#†#
#......### ##.....##
#.#.# ####...#
##.......###)#..
##...####.........##.#..
#....r.@+.......).'.....
##...####.........#.#...
#.....# ##.......##...#.
#.#.#.# ##.....########
###.#.#.# ##...##
#.......#######+##
#.#..........##.#
#.###........##.# #.#
#........##.##


You could see a friendly quokka (summoned).

Vanquished Creatures
  Natasha (D:2)
  4 adders (D:2)
  A dart slug (D:1)
  A leopard gecko (D:2)
  A ball python (D:2)
  A giant cockroach (D:2)
  4 hobgoblins (D:2)
  4 bats
  3 frilled lizards (D:2)
  2 kobolds
  5 rats
27 creatures vanquished.

Vanquished Creatures (collateral kills)
  Natasha (D:2)
  2 adders (D:2)
  2 worms (D:2)
  2 giant cockroaches (D:1)
  A ball python (D:2)
  2 bats
  3 goblins (D:2)
  3 kobolds
16 creatures vanquished.

Grand Total: 43 creatures vanquished

Notes
Turn   | Place    | Note
-------+----------+-------------------------------------------
     0 | D:1      | Mesmaeker13 the Mummy Summoner began the quest for the Orb.
     0 | D:1      | Reached XP level 1. HP: 13/13 MP: 4/4
   957 | D:1      | Reached XP level 2. HP: 19/19 MP: 4/6
  1208 | D:2      | Learned a level 2 spell: Call Imp
  1705 | D:2      | Reached XP level 3. HP: 22/24 MP: 0/8
  2623 | D:2      | Reached XP level 4. HP: 30/30 MP: 10/10
  2710 | D:2      | Noticed Natasha
  2718 | D:2      | Killed Natasha
  2885 | D:2      | Learned a level 3 spell: Call Canine Familiar
  3048 | D:2      | Noticed Natasha
  3090 | D:2      | Killed Natasha
  3098 | D:2      | Noticed Natasha
  3137 | D:2      | Slain by Natasha

Illustrated notes

Levels and vault maps discovered:
D:1:      dpeg_arrival_shelter, layout_basic, serial_glass, glass_columns_a,
          glass_columns_b
D:2:      layout_loops_corners, minmay_tromino_i4, uniq_natasha

Skill      XL: |  1  2  3 |
---------------+----------+-----
Spellcasting   | 3 4 |  4.5
Summonings     | 4 |  4.2
Dodging        | |  1.5
Stealth        | |  1.5

Action                   |  1- 3 |  4- 6 || total
-------------------------+-------+-------++-------
Melee: Unarmed           |    37 |       ||    37
       Whip              |    95 |    17 ||   112
 Cast: Summon Small Mamm |    11 |     1 ||    12
       Call Imp          |    17 |     8 ||    25
Armor: Robe              |    47 |     4 ||    51
Dodge: Dodged            |   132 |    22 ||   154

Table legend: (Time is in decaauts)
 A = Elapsed time spent in this place.
 B = Non-inter-level travel time spent in this place.
 C = Inter-level travel time spent in this place.
 D = Time resting spent in this place.
 E = Time spent auto-exploring this place.
 F = Levels seen in this place.
 G = Mean time per level.
                   A        B        C        D        E       F      G
               +--------+--------+--------+--------+--------+-----+--------+
         Total |   3150 |   3129 |     21 |   1087 |   1497 |   2 | 1575.0 |
       Dungeon |   3150 |   3129 |     21 |   1087 |   1497 |   2 | 1575.0 |
               +--------+--------+--------+--------+--------+-----+--------+

Top non-repeatable levels by time:
     D:2: 1945 daAuts
     D:1: 1204 daAuts
